 Dungeon Crawl Stone Soup version 0.27.1-33-g824d729ab1 (webtiles) character file.

Game seed: 14239475042195672979

110 worthlessgem the Digger (level 5, 35/35 HPs)
             Began as a Formicid Earth Elementalist on Nov 28, 2021.
             Quit the game on level 7 of the Dungeon on Nov 30, 2021.
             The game lasted 00:17:31 (2342 turns).

worthlessgem the Digger (FoEE)                      Turns: 2342, Time: 00:17:32

Health: 35/35      AC:  3    Str: 13    XL:     5   Next: 14%
Magic:  9/9        EV: 11    Int: 15    God:
Gold:   125        SH:  0    Dex: 11    Spells: 4/10 levels left

rFire    . . .     SeeInvis +   f - +0 flail
rCold    . . .     Faith    .   (no shield)
rNeg     . . .     Spirit   .   n - +0 leather armour
rPois    .         Reflect  .   (helmet unavailable)
rElec    .         Harm     .   (no cloak)
rCorr    .         Rampage  .   (no gloves)
Will     .....                  (no boots)
Stlth    ++........             a - amulet of magic regeneration
HPRegen  0.11/turn              (no ring)
MPRegen  0.36/turn              (no ring)

@: no status effects
A: permanent stasis, dig shafts and tunnels, antennae 3, four strong arms
a: Dig, Shaft Self


You were on level 7 of the Dungeon.
You visited 1 branch of the dungeon, and saw 5 of its levels.

You collected 125 gold pieces.

Inventory:

Hand Weapons
 f - a +0 flail (weapon)
 g - a +1 dagger of protection
 p - a +0 hunting sling
Missiles
 c - 37 stones
 e - 34 sling bullets
 r - 38 bolts
Armour
 b - a +0 robe
 n - a +0 leather armour (worn)
Jewellery
 a - an amulet of magic regeneration (around neck)
 q - a ring of protection from fire
Scrolls
 d - 2 scrolls of magic mapping {unknown}
 h - a scroll of identify {unknown}
 i - a scroll of amnesia {unknown}
 l - a scroll of noise {unknown}
 m - 2 scrolls of acquirement {unknown}
 o - a scroll of teleportation {unknown}
 s - a scroll of blinking {unknown}
Potions
 j - a potion of curing {unknown}
 k - a potion of cancellation {unknown}


   Skills:
 - Level 1.7 Dodging
 - Level 2.4 Stealth
 - Level 3.0 Spellcasting
 + Level 0.0 Conjurations
 - Level 1.1 Transmutations
 + Level 6.1 Earth Magic


You had 4 spell levels left.
You knew the following spells:

 Your Spells              Type           Power      Damage    Failure   Level
a - Sandblast             Erth           40%        2d10      1%          1
b - Passwall              Tmut/Erth      10%        N/A       9%          2
c - Stone Arrow           Conj/Erth      22%        3d8       22%         3

Your spell library contained the following spells:

 Spells                   Type           Power      Damage    Failure   Level
 Magic Dart               Conj           8%         1d3       26%         1
 Call Imp                 Summ           2%         N/A       36%         2
 Petrify                  Tmut/Erth      13%        N/A       50%         4
 Mephitic Cloud           Conj/Pois/Air  2%         N/A       58%         3
 Olgreb's Toxic Radiance  Pois           2%         N/A       94%         4
 Ozocubu's Refrigeration  Ice            1%         4d5       100%        7
 Ignition                 Fire           1%         3d3       100%        8


Dungeon Overview and Level Annotations

Branches:
Dungeon (4/15)
 Temple: D:4-7

Altars:
Gozag
Wu Jian

Annotations:
D:4 1 runed translucent door, zeram's ghost, amateur KoBr


Innate Abilities, Weirdness & Mutations

You cannot be hasted, slowed, berserked, paralysed or teleported.
You can dig through walls and to a lower floor.
You have a pair of large antennae on your head. (SInv)
Your four strong arms can wield two-handed weapons with a shield.


Message History

HP restored.
Found a stone staircase leading down.
A water moccasin comes into view.
Casting: Stone Arrow (quite dangerous; 22% risk of failure)
Confirm with . or Enter, or press ? or * to list all spells.
Aiming: Passwall (safe; 9% risk of failure)
Press: ? - help, Dir - move target A rock wall.
You begin to meditate on the wall.
You continue meditating on the rock. x3
You finish merging with the rock.
Found an opulent altar of Gozag.
Casting: Passwall (safe; 9% risk of failure)
Confirm with . or Enter, or press ? or * to list all spells.
Aiming: Passwall (safe; 9% risk of failure)
Press: ? - help, Dir - move target A rock wall.
This rock feels extremely deep.
Casting: Passwall (safe; 9% risk of failure)
Confirm with . or Enter, or press ? or * to list all spells.
Aiming: Passwall (safe; 9% risk of failure)
Press: ? - help, Dir - move target A rock wall.
You begin to meditate on the wall.
You continue meditating on the rock. x3
You finish merging with the rock.
You sense a monster nearby.
You sense a monster nearby.
You sense a monster nearby.
An orc comes into view.
It is wielding a +0 whip and wearing a +1 leather armour of poison resistance.
Found 7 gold pieces.
The orc shouts!
You hear an angry hiss.
You hear a shout!
You hit the orc.
The orc is almost dead.
The orc hits you but does no damage.
A kobold comes into view. It is wielding a +0 dagger.
You hit the orc but do no damage.
The orc is almost dead.
A steam dragon comes into view.
The orc completely misses you.
A wight comes into view. It is wielding a +3 spear.
Are you sure you want to abandon this character and quit the game? (Confirm with "yes".)

..# #...##.##
#..... ..#
#...##..#
...#.. ..#
#.......# ###
#.#.....##
#.#......#
###.#......#
#..........##
#...........#
#.........#@#
{
#...#######o.#
#.### ##.# #.#
.. #.# ..D #.#
..#. { {..#
.K##. { ..#
#z. ## ..+ {{


You could see a steam dragon, a wight (wandering), an orc and a kobold.

Vanquished Creatures
  A water moccasin skeleton (D:4)
  An adder (D:2)
  A shadow imp (D:7)
  An ufetubus (D:4)
  A dart slug (D:1)
  2 bats (D:1)
  3 endoplasms
  6 giant cockroaches
  2 goblins (D:1)
  5 hobgoblins
  2 kobolds (D:4)
  3 quokkas (D:1)
  3 ball pythons (D:1)
  A frilled lizard (D:1)
  3 rats (D:1)
35 creatures vanquished.

Vanquished Creatures (others)
  2 orcs (D:3)
  2 ball pythons (D:3)
  A bat (D:3)
  A rat (D:3)
  A fungus (D:1)
7 creatures vanquished.

Grand Total: 42 creatures vanquished

Notes
Turn   | Place    | Note
-------+----------+-------------------------------------------
     0 | D:1      | worthlessgem the Formicid Earth Elementalist began the
                  | quest for the Orb.
     0 | D:1      | Reached XP level 1. HP: 13/13 MP: 3/3
   186 | D:1      | Reached XP level 2. HP: 19/19 MP: 2/5
   371 | D:1      | Reached skill level 4 in Earth Magic
   684 | D:1      | Found a faded altar of an unknown god.
   973 | D:1      | Reached XP level 3. HP: 13/24 MP: 5/7
   977 | D:1      | Learned a level 2 spell: Passwall
   981 | D:1      | Learned a level 3 spell: Stone Arrow
  1731 | D:2      | You fall into a shaft and drop 1 floor!
  1738 | D:3      | Noticed a phantom
  1841 | D:3      | Found an ornate altar of the Wu Jian Council.
  1902 | D:4      | Noticed zeram's ghost (amateur KoBr)
  1967 | D:4      | Reached skill level 5 in Earth Magic
  1967 | D:4      | Reached XP level 4. HP: 24/30 MP: 3/8
  1982 | D:4      | Found a runed translucent door.
  2105 | D:2      | Reached XP level 5. HP: 32/35 MP: 6/9
  2116 | D:2      | Reached skill level 6 in Earth Magic
  2146 | D:2      | You fall into a shaft and drop 2 floors!
  2147 | D:4      | Noticed a phantom
  2158 | D:4      | You fall into a shaft and drop 3 floors!
  2274 | D:7      | Noticed a water moccasin
  2291 | D:7      | Found an opulent altar of Gozag.
  2341 | D:7      | Noticed a steam dragon
  2342 | D:7      | Quit the game

Illustrated notes

Levels and vault maps discovered:
D:1:      dpeg_cavernosity, layout_rooms, hellmonk_ecumenical_altar_lost_god
D:2:      layout_rooms, st_stairs_2, serial_bayou_pond_c
D:3:      layout_basic, xom_confusion_cloud,
          chequers_temple_overflow_minitemple,
          mainiacjoe_overflow_cross_hatched, interstate_on_off, moated_statue,
          uniq_grinder
D:4:      layout_cave_pools, hellmonk_ghost_happy_afterlife,
          gup_ossuary_entry_pyramid, kennysheep_small_square
D:7:      cheibrodos_steamvent, layout_basic, mainiacjoe_overflow_catwalk,
          minmay_misc_feat_square, nrook_loot_triangle

Skill      XL: |  1  2  3  4  5 |
---------------+----------------+-----
Earth Magic    | 4 5 6 |  6.1
Spellcasting   | 3 |  3.0
Dodging        | |  1.7
Stealth        | |  2.4
Transmutations | |  1.1

Action                   |  1- 3 |  4- 6 || total
-------------------------+-------+-------++-------
Melee: Flail             |    63 |    18 ||    81
       Unarmed           |     6 |       ||     6
 Fire: Hunting sling     |     6 |       ||     6
 Cast: Sandblast         |    16 |     2 ||    18
       Passwall          |       |     2 ||     2
       Stone Arrow       |       |     1 ||     1
 Abil: Dig               |    10 |     3 ||    13
       Shaft Self        |       |     1 ||     1
 Stab: Sleeping          |     4 |       ||     4
Armor: Robe              |    16 |       ||    16
       Leather armour    |     2 |     8 ||    10
Dodge: Dodged            |    50 |    12 ||    62
